 Dungeon Crawl Stone Soup version 0.30-a0-778-g2ef04afb54 (webtiles) character file.

Game seed: 6537354657881927698

150222 mistaj the Warrior (level 17, -42/82 (89) HPs)
             Began as a Vine Stalker Fighter on Feb 17, 2023.
             Was the Champion of Hepliaklqana.
             Killed from afar by a deep elf death mage (47 damage)
             ... with a bolt of negative energy
             ... on level 3 of the Elven Halls.
             The game lasted 01:08:34 (28029 turns).

mistaj the Warrior (Vine Stalker Fighter)          Turns: 28029, Time: 01:08:34

HP:   -42/82 (89)   AC: 31    Str: 25    XL:     17   Next: 53%
MP:   0/22          EV: 16    Int: 13    God:    Hepliaklqana [******]
Gold: 3537          SH: 18    Dex: 16    Spells: 22/22 levels left

rFire   + . .      SeeInvis .    W - +6 long sword of Tenacity {holy, rCorr Int+5}
rCold   + + +      Faith    .    k - +0 tower shield
rNeg    . . .      Spirit   +    O - +4 gold dragon scales
rPois   +          Reflect  .    f - +1 helmet
rElec   .          Harm     .    P - +2 cloak {rC+}
rCorr   +          Rampage  .    s - +1 pair of gloves of Blue Amelioration {rC+}
Will    ++...                    R - +0 pair of boots Stlth
                                 X - amulet of magic regeneration
HPRegen 1.13/turn                V - +5 ring of evasion
MPRegen 0.58/turn                I - +5 ring of evasion

@: about to teleport, studying Throwing, drained, invisible, unable to read
A: reduced essence, fangs 3, regeneration 1, magic shield, antimagic bite, no
potion heal 2, passive freeze, wild magic 1, inability to read after injury 1
a: Renounce Religion, Recall Ancestor, Ancestor Identity, Transference, Idealise


You were on level 3 of the Elven Halls.
You worshipped Hepliaklqana.
Hepliaklqana was exalted by your worship.
You visited 4 branches of the dungeon, and saw 25 of its levels.
You also visited: Ice Cave and Volcano.

You collected 3625 gold pieces.
You spent 88 gold pieces at shops.

Inventory:

Hand Weapons
 B - a +3 scimitar of flaming
 L - the +2 scimitar of the Muttering Gods {speed, *Rage *Corrode Fly MP+9}
   (You found it on level 5 of the Lair of Beasts)

   MP:        It affects your magic capacity (+9).
   Fly:       It grants you flight.
   *Rage:     It berserks you when you make melee attacks (+20% chance).
   *Corrode:  It may corrode you when you take damage.
 W - the +6 long sword of Tenacity (weapon) {holy, rCorr Int+5}
   (You took it off a deep elf pyromancer on level 12 of the Dungeon)

   Int:       It affects your intelligence (+5).
   rCorr:     It protects you from acid and corrosion.
Armour
 f - a +1 helmet (worn)
 k - a +0 tower shield (worn)
 s - the +1 pair of gloves of Blue Amelioration (worn) {rC+}
   (You found it on level 4 of the Dungeon)

   rC:        It protects you from cold.
 O - +4 gold dragon scales (worn)
 P - a +2 cloak of cold resistance (worn)
 R - a +0 pair of boots (worn)
 T - a scarf of repulsion
Jewellery
 i - a ring of positive energy
 n - an amulet of the acrobat
 y - a ring of positive energy
 I - a +5 ring of evasion (right hand)
 M - a ring of fire
 Q - a ring of resist corrosion
 V - a +5 ring of evasion (left hand)
 X - an amulet of magic regeneration (around neck)
Wands
 r - a wand of flame (25)
 v - a wand of digging (8)
 w - a wand of roots (19)
 z - a wand of mindburst (18)
 H - a wand of polymorph (8)
 N - a wand of acid (17)
 U - a wand of charming (30)
Scrolls
 a - 2 scrolls of amnesia
 c - 2 scrolls of enchant weapon
 e - 7 scrolls of poison
 l - 6 scrolls of teleportation
 o - 3 scrolls of butterflies
 t - 6 scrolls of fog
 D - 4 scrolls of blinking
 E - 19 scrolls of identify
 G - 5 scrolls of magic mapping
 J - 3 scrolls of brand weapon
 K - 4 scrolls of silence
Potions
 b - a potion of mutation
 d - 5 potions of might
 g - 2 potions of resistance
 h - a potion of berserk rage
 j - 8 potions of cancellation
 m - 19 potions of curing
 p - 7 potions of ambrosia
 q - 2 potions of brilliance
 u - 5 potions of lignification
 x - 5 potions of flight
 A - a potion of haste
 C - 2 potions of attraction
 F - a potion of experience {unknown}
 S - 3 potions of invisibility


   Skills:
 + Level 15.3 Fighting
 - Level 12.9(14.3) Short Blades
 + Level 10.4(13.1) Long Blades
 - Level 10.6 Armour
 - Level 8.3 Dodging
 + Level 12.2 Shields
 + Level 3.0 Spellcasting
 + Level 3.0 Invocations


You had 22 spell levels left.
You didn't know any spells.
Your spell library contained the following spells:

 Spells                   Type           Power      Damage    Failure   Level
 Beastly Appendage        Tmut           4%         N/A       100%        1
 Freeze                   Ice            8%         1d3       100%        1
 Kiss of Death            Conj/Necr      8%         2d6       100%        1
 Summon Small Mammal      Summ           8%         N/A       100%        1
 Blink                    Tloc           4%         N/A       100%        2
 Cigotuvi's Dreadful Rot  Necr/Pois/Air  4%         N/A       100%        2
 Lesser Beckoning         Tloc           4%         N/A       100%        2
 Momentum Strike          Conj/Tloc      4%         3d8       100%        2
 Sublimation of Blood     Necr           2%         N/A       100%        2
 Wereblood                Tmut           2%         N/A       100%        2
 Call Canine Familiar     Summ           2%         N/A       100%        3
 Dazzling Flash           Conj/Hex       4%         N/A       100%        3
 Frozen Ramparts          Ice            4%         1d1       100%        3
 Gell's Gravitas          Tloc           2%         N/A       100%        3
 Hailstorm                Conj/Ice       2%         3d3       100%        3
 Ozocubu's Armour         Ice            2%         N/A       100%        3
 Spider Form              Tmut/Pois      2%         N/A       100%        3
 Summon Guardian Golem    Hex/Summ       2%         N/A       100%        3
 Teleport Other           Tloc           2%         N/A       100%        3
 Vhi's Electric Charge    Tloc/Air       4%         N/A       100%        3
 Airstrike                Air            1%         2d(1-17)  100%        4
 Dispel Undead            Necr           2%         3d7       100%        4
 Manifold Assault         Tloc           2%         N/A       100%        4
 Summon Lightning Spire   Summ/Air       2%         N/A       100%        4
 Arcjolt                  Conj/Air       1%         1d11      100%        5
 Blade Hands              Tmut           1%         N/A       100%        5
 Irradiate                Conj/Tmut      1%         3d12      100%        5
 Lightning Bolt           Conj/Air       1%         1d12      100%        5
 Metabolic Englaciation   Hex/Ice        1%         N/A       100%        5
 Summon Mana Viper        Hex/Summ       2%         N/A       100%        5
 Death Channel            Necr           1%         N/A       100%        6
 Dispersal                Tloc           1%         N/A       100%        6
 Simulacrum               Ice/Necr       1%         N/A       100%        6
 Statue Form              Tmut/Erth      1%         N/A       100%        6
 Dragon Form              Tmut           1%         N/A       100%        7
 Haunt                    Necr/Summ      1%         N/A       100%        7
 Malign Gateway           Summ/Tloc      1%         N/A       100%        7
 Ozocubu's Refrigeration  Ice            1%         4d7       100%        7
 Storm Form               Tmut/Air       1%         N/A       100%        7
 Maxwell's Capacitive Co  Air            1%         ∞         100%        8
 Summon Horrible Things   Summ           1%         N/A       100%        8


Dungeon Overview and Level Annotations

Branches:
Dungeon (15/15)            Temple (0/1) D:7            Lair (5/5) D:11
  Swamp (0/4) Lair:2       Spider (0/4) Lair:2        Slime (0/5) Lair:4
    Orc (2/2) D:10            Elf (3/3) Orc:2        Vaults (0/5) D:14
 Depths (0/4) D:15          IceCv (visited)         Volcano (visited)

Altars:
Ashenzari
Elyvilon
Fedhas
Hepliaklqana
Kikubaaqudgha
Okawaru
Qazlal
Ru
Sif Muna
Vehumet
Xom
The Shining One
Jiyva

Shops:
D:5 !   D:6 !*   D:9 !   D:10 [   D:15 [   Orc:2 ?[*=

Portals:
Pandemonium: Orc:2
Trove: D:10 (give +5 fire dragon scales)

Annotations:
D:10 2 runed translucent doors, Dittersdorf's ghost, journeyman GrFi
D:11 1 runed translucent door
Elf:2 3 runed translucent doors


Innate Abilities, Weirdness & Mutations

Your life essence is reduced to manifest your ancestor. (-10% HP)
You have razor-sharp teeth.
Your natural rate of healing is unusually fast.
When hurt, damage is shared between your health and your magic reserves.
Your bite disrupts and absorbs the magic of your enemies.
Potions cannot restore your health.
A frigid envelope surrounds you and freezes all who hurt you.
Your spells are a little harder to cast, but a little more powerful.
You occasionally lose the ability to read scrolls when taking damage.


Message History

The deep elf archer shoots an arrow.
The arrow hits the deep elf blademaster!!
You hear a shout!
The deep elf elementalist points next to the earth elemental and mumbles some strange words.
Some walls begin to move on their own!
The deep elf knight unwields a +0 rapier.
The deep elf knight wields a +0 longbow.
The deep elf knight shoots an arrow.
The arrow barely misses the deep elf archer.
The arrow barely misses you. You block the earth elemental's attack.
As you read the scroll of teleportation, it crumbles to dust.
You feel strangely unstable.
The deep elf elementalist points next to the lost soul and mumbles some strange words.
Some walls begin to move on their own!
The deep elf archer casts a spell at something.
You resist with almost no effort.
The deep elf blademaster hits you but does no damage.
The deep elf blademaster hits you with a +0 rapier.
* * * LOW HITPOINT WARNING * * *
The deep elf blademaster is very cold.
The deep elf blademaster is moderately wounded.
You block the deep elf elementalist's attack.
You hear rumbling.
The deep elf zephyrmancer points at the earth elemental and mumbles some strange words.
The bolt of lightning hits the earth elemental.
The earth elemental completely resists.
The bolt of lightning hits the earth elemental.
The earth elemental completely resists.
Some walls begin to move on their own!
The deep elf knight unwields a +0 war axe.
The deep elf knight wields a +0 shortbow.
The deep elf knight shoots an arrow.
The arrow hits the deep elf elementalist!
You hear a shout!
The deep elf death mage casts a spell at you.
The bolt of negative energy hits the earth elemental.
The earth elemental completely resists.
The bolt of negative energy hits you!!!
You feel drained.
You feel threatened and lose the ability to read scrolls!
Ouch! That really hurt!
You die...

#..#e#.E#
EE#†#..#
###E.....#
E#E.)...#
##.eee.E.#
#.EeeE.E.#
#.*EeEEE##
#Ee.)ee.#
#.@...E##
#..e.e##
#...##e#########
###'###)##.....##
#.# ##'.......##
#.# ##.........##
#.# #.).........#
#.# #....8.8....#
#.# #...........'


You could see a deep elf blademaster (unable to see you), 2 deep elf
annihilators, 2 deep elf death magi, 2 deep elf elementalists, a deep elf archer
(repels missiles, unable to see you), 2 deep elf knights, 14 earth elementals, 2
deep elf zephyrmancers and a lost soul (summoned).

Vanquished Creatures
  Bai Suzhen (Elf:2)
  A deep elf master archer (Elf:3)
  Louise (Elf:2)
  A deep elf elementalist (Elf:3)
  A deep elf demonologist (Elf:3)
  A dire elephant (Lair:5)
  4 deep elf annihilators
  A red draconian (Volcano)
  A deep elf death mage (Elf:1)
  Snorg (Orc:1)
  A vault guard (D:14)
  2 demonspawn (Orc:2)
  5 hydras
  7 centaur warriors
  2 catoblepae
  3 dancing weapons
  7 boulder beetles
  A deep troll shaman (Lair:5)
  2 tengu warriors
  4 two-headed ogres
  6 death yaks
  6 orc high priests
  2 large abominations (Elf:1)
  5 deep elf knights
  5 skeletal warriors (D:15)
  A skyshark (Lair:5)
  4 deep elf archers
  A glowing orange brain (D:12)
  2 bog bodies (IceCv)
  6 orc knights
  11 deep elf pyromancers
  A necromancer (Elf:1)
  A wolf spider (D:14)
  5 orc sorcerers
  13 deep elf zephyrmancers
  2 oklob plants (Lair:3)
  3 manticores
  8 cyclopes
  9 elephants
  8 ugly things
  4 black mambas
  3 demonic crawlers (D:12)
  A torpor snail (Lair:1)
  A rust devil (Orc:2)
  An ice statue (IceCv)
  5 gargoyles
  3 cane toads
  2 kobold demonologists (D:12)
  A smoke demon (Orc:2)
  A rime drake (Lair:2)
  A freezing wraith (D:15)
  An anaconda simulacrum (IceCv)
  A red devil (Orc:2)
  2 ice devils
  8 komodo dragons
  A yaktaur (D:14)
  4 efreet
  4 tengu conjurers
  A meliai (shapeshifter) (D:14)
  A polar bear (Lair:5)
  13 trolls
  A hellwing (Orc:2)
  A wind drake (shapeshifter) (D:15)
  A hornet (D:8)
  4 blink frogs
  2 tyrant leeches (Lair:2)
  7 dream sheep (Lair:5)
  A centaur simulacrum (D:12)
  A jumping spider (Lair:2)
  A vampire (D:9)
  Sigmund (D:2)
  3 air elementals
  2 shadows (D:12)
  11 slime creatures
  5 water elementals
  3 wyverns
  2 dire elephant simulacra (IceCv)
  2 wraiths (D:14)
  54 yaks
  A steam dragon (D:9)
  7 basilisks
  A death yak simulacrum (IceCv)
  2 wargs (Orc:2)
  A redback (Lair:2)
  6 vampire mosquitoes
  A harpy simulacrum (IceCv)
  4 swamp worms (Lair:2)
  4 water moccasins
  A floating eye (D:12)
  6 ice beasts
  20 orc warriors
  3 black bears
  5 ogres
  A boggart (D:14)
  8 wolves
  10 centaurs
  2 phantoms
  2 elf zombies (Elf:1)
  A kobold brigand (D:9)
  4 bullfrogs
  3 small abominations (D:12)
  4 two-headed ogre simulacra (IceCv)
  2 cane toad simulacra (IceCv)
  6 scorpions
  2 earth elementals
  A hexer (Lair:5)
  3 elephant simulacra (IceCv)
  8 killer bees
  4 howler monkeys
  4 electric eels
  A lava snake (Lair:4)
  6 hounds
  3 gnoll boudas
  22 orc priests
  A jelly (D:7)
  Terence (D:3)
  4 iguanas
  3 orc wizards
  7 troll simulacra (IceCv)
  8 spriggan simulacra (IceCv)
  A polar bear simulacrum (IceCv)
  3 wolf simulacra (IceCv)
  11 adders
  14 gnolls
  4 naga simulacra (IceCv)
  A shadow imp (D:6)
  6 white imps
  5 ufetubi
  A worm (D:2)
  2 dart slugs (D:4)
  49 orcs
  3 endoplasms
  4 giant cockroaches
  A goblin (D:4)
  7 hobgoblins
  5 jackals
  6 quokkas
  4 ball pythons
  5 bats
  4 frilled lizards
  13 kobolds
  A rat (D:1)
  A butterfly (D:11)
641 creatures vanquished.

Vanquished Creatures (collateral kills)
  A deep elf blademaster (Elf:3)
  A deep elf demonologist (Elf:3)
  A deep elf high priest (Elf:3)
  A great orb of eyes (D:15)
  A hydra (Lair:5)
  2 centaur warriors
  A catoblepas (Lair:5)
  A boulder beetle (D:13)
  3 dancing weapons (Elf:2)
  A two-headed ogre (D:13)
  2 orc high priests (Orc:2)
  3 death yaks
  2 deep elf knights (Elf:1)
  A pharaoh ant (Lair:2)
  A skyshark (Lair:3)
  A goliath frog (shapeshifter) (D:14)
  A deep elf archer (Elf:2)
  A wizard (D:14)
  2 deep elf pyromancers
  2 deep elf zephyrmancers (Elf:1)
  An orc knight (Volcano)
  2 oklob plants (Lair:3)
  3 orc sorcerers
  3 cyclopes
  4 elephants
  2 gargoyles (Volcano)
  2 molten gargoyles (Volcano)
  Maggie (Lair:1)
  6 komodo dragons
  A cane toad (Lair:4)
  A rime drake (Lair:2)
  A troll (Orc:1)
  A tengu conjurer (D:13)
  A tyrant leech (Lair:2)
  3 polar bears
  3 blink frogs
  3 dream sheep (Lair:5)
  A slime creature (D:15)
  A wyvern (Lair:3)
  15 yaks
  2 basilisks
  3 vampire mosquitoes
  A water elemental (D:12)
  A death yak simulacrum (IceCv)
  A warg (Orc:2)
  An acid dragon (D:8)
  A meliai simulacrum (D:12)
  5 orc warriors
  An ice beast (D:12)
  2 black bears
  5 centaurs
  A wolf (Lair:5)
  2 scorpions (D:11)
  A bullfrog (Lair:3)
  An earth elemental (Elf:3)
  A howler monkey (D:8)
  An electric eel (D:15)
  6 orc priests
  An iguana (D:6)
  10 orc wizards
  A spriggan simulacrum (IceCv)
  A naga simulacrum (IceCv)
  A white imp (D:12)
  2 ufetubi (IceCv)
  11 orcs
  A giant cockroach (D:11)
  A kobold (D:9)
  2 butterflies (D:11)
151 creatures vanquished.

Vanquished Creatures (others)
  A deep elf knight (Elf:1)
  A wizard (D:15)
  A centaur (D:14)
  28 hexers
  2 orcs (D:15)
  34 fungi
  112 plants
179 creatures vanquished.

Grand Total: 971 creatures vanquished

Notes
Turn   | Place    | Note
-------+----------+-------------------------------------------
     0 | D:1      | mistaj the Vine Stalker Fighter began the quest for the
                  | Orb.
     0 | D:1      | Reached XP level 1. HP: 11/11 MP: 2/2
    63 | D:1      | Reached XP level 2. HP: 9/16 MP: 0/3
   239 | D:1      | Reached skill level 3 in Fighting
   471 | D:1      | Reached XP level 3. HP: 20/20 MP: 4/4
   813 | D:2      | Noticed Sigmund
   827 | D:2      | Killed Sigmund
   828 | D:2      | Reached skill level 4 in Fighting
   828 | D:2      | Gained mutation: Your natural rate of healing is unusually
                  | fast. [Vine Stalker growth]
   828 | D:2      | Reached XP level 4. HP: 19/25 MP: 5/5
   828 | D:2      | Reached XP level 5. HP: 22/29 MP: 6/6
   949 | D:2      | Noticed a great orb of eyes
   951 | D:2      | Found a faded altar of an unknown god.
   954 | D:2      | Noticed a great orb of eyes
   954 | D:2      | Noticed a great orb of eyes
   954 | D:2      | Noticed a great orb of eyes
  1117 | D:2      | Reached XP level 6. HP: 25/33 MP: 4/7
  1498 | D:3      | Noticed Terence
  1511 | D:3      | Killed Terence
  1970 | D:3      | Found a hazy altar of Hepliaklqana.
  1978 | D:3      | Became a worshipper of Hepliaklqana the Forgotten
  2312 | D:4      | Identified the +1 pair of gloves of Blue Amelioration {rC+}
  2429 | D:4      | Reached XP level 7. HP: 38/38 MP: 8/8
  3009 | D:5      | Entered Level 5 of the Dungeon
  3073 | D:5      | Found Puufilos's Distillery.
  3145 | D:5      | Found a white marble altar of Elyvilon.
  3191 | D:5      | Reached skill level 5 in Fighting
  3284 | D:5      | Reached skill level 5 in Shields
  3613 | D:5      | Found a glowing golden altar of the Shining One.
  3663 | D:5      | Gained mutation: You have razor-sharp teeth. [Vine Stalker
                  | growth]
  3663 | D:5      | Reached XP level 8. HP: 43/43 MP: 9/9
  3692 | D:5      | Reached * piety under Hepliaklqana
  3999 | D:6      | Reached skill level 5 in Short Blades
  4143 | D:6      | Found Qope's Distillery.
  4187 | D:6      | Reached skill level 6 in Fighting
  4323 | D:6      | Found a shimmering altar of Xom.
  4343 | D:6      | Found an ancient bone altar of Kikubaaqudgha.
  4392 | D:6      | Found Zusohiff's Assorted Antiques.
  4500 | D:6      | Reached XP level 9. HP: 44/44 MP: 8/10
  4879 | D:5      | Bought a potion of mutation for 88 gold pieces
  4983 | D:7      | Found an iron altar of Okawaru.
  4986 | D:7      | Reached ** piety under Hepliaklqana
  4987 | D:7      | Remembered your ancestor Æðelind as a hexer
  5005 | D:7      | Found a staircase to the Ecumenical Temple.
  5115 | D:7      | Found a sacrificial altar of Ru.
  5765 | D:8      | Found a stormy altar of Qazlal.
  6219 | D:8      | Reached skill level 7 in Fighting
  6235 | D:8      | Noticed a hornet
  6240 | D:8      | Killed a hornet
  6471 | D:9      | Found Askexo's Distillery.
  6541 | D:9      | Noticed a two-headed ogre
  6978 | D:9      | Killed a two-headed ogre
  6979 | D:9      | Reached skill level 8 in Fighting
  6979 | D:9      | Reached XP level 10. HP: 50/50 MP: 11/11
  7177 | D:9      | Found a broken altar of Ashenzari.
  7439 | D:10     | Entered Level 10 of the Dungeon
  7439 | D:10     | Found a portal to a secret trove of treasure.
  7447 | D:10     | Found Raul's Armour Boutique.
  7498 | D:10     | Noticed a five-headed hydra
  7498 | D:10     | Noticed a rakshasa
  7498 | D:10     | Noticed a cyclops
  7499 | D:10     | Noticed a manticore
  7499 | D:10     | Noticed a centaur warrior
  7499 | D:10     | Noticed a centaur warrior
  7509 | D:10     | Noticed an orc knight
  7908 | D:10     | Found a radiant altar of Vehumet.
  7995 | D:10     | Reached *** piety under Hepliaklqana
  8043 | D:10     | Found a staircase to the Orcish Mines.
  8181 | D:10     | Found a large runed translucent door.
  8182 | D:10     | Found a large runed translucent door.
  8182 | D:10     | Noticed Dittersdorf's ghost (journeyman GrFi)
  8652 | D:10     | Noticed a salamander
  8671 | D:11     | Identified the +4 ring mail of Distant Worlds {rPois rF+
                  | rC+}
  8719 | D:11     | Reached skill level 9 in Fighting
  8741 | D:11     | Noticed a death yak
  8741 | D:11     | Noticed a death yak
  8741 | D:11     | Noticed a death yak
  8759 | D:11     | Reached XP level 11. HP: 55/55 MP: 12/12
  8778 | D:11     | Killed a death yak
  8795 | D:11     | Killed a death yak
  8810 | D:11     | Killed a death yak
  8863 | D:11     | Found a staircase to the Lair.
  9006 | D:11     | Found an iron altar of Okawaru.
  9223 | D:11     | Found a runed translucent door.
  9225 | D:11     | Found a runed translucent door.
  9243 | D:11     | Reached **** piety under Hepliaklqana
  9709 | D:11     | Reached skill level 10 in Fighting
  9716 | D:11     | Reached skill level 10 in Shields
  9808 | D:12     | HP: 1/56 [drowned by a water elemental (7)]
  9929 | D:12     | Found a frozen archway.
  9938 | IceCv    | Entered an ice cave
  9977 | IceCv    | Reached skill level 10 in Short Blades
 10902 | IceCv    | Reached XP level 12. HP: 35/61 MP: 10/13
 11873 | Lair:1   | Entered Level 1 of the Lair of Beasts
 11893 | Lair:1   | Noticed Maggie
 11902 | Lair:1   | Killed Maggie
 11939 | Lair:1   | Reached skill level 11 in Fighting
 11968 | Lair:1   | Noticed an eight-headed hydra
 11979 | Lair:1   | Killed an eight-headed hydra
 11998 | Lair:1   | Noticed a boulder beetle
 12269 | Lair:1   | Identified the +1 robe "Hijuel" {+Inv Int+4 Stlth-}
 12940 | Lair:1   | Killed a boulder beetle
 13444 | Lair:2   | Found a hole to the Spider Nest.
 13558 | Lair:2   | Reached XP level 13. HP: 66/66 MP: 14/14
 13747 | Lair:2   | Reached ***** piety under Hepliaklqana
 13749 | Lair:2   | You fall into a shaft and drop 1 floor!
 13775 | Lair:2   | Reached skill level 12 in Fighting
 13986 | Lair:2   | Found a staircase to the Swamp.
 14090 | Lair:3   | Identified the +5 spear of the Cup {drain, rF++ SInv}
 15637 | Lair:4   | Found a dark tunnel.
 15644 | Volcano  | Entered a volcano
 15878 | Volcano  | Reached skill level 5 in Armour
 15878 | Volcano  | Noticed a red draconian
 15900 | Volcano  | Reached skill level 13 in Fighting
 15918 | Volcano  | Killed a red draconian
 15919 | Volcano  | Reached XP level 14. HP: 73/73 MP: 15/15
 15926 | Volcano  | Noticed an orb of fire
 16001 | Volcano  | Noticed an orb of fire
 16240 | Lair:4   | Found a viscous altar of Jiyva.
 16262 | Lair:4   | Reached skill level 1 in Long Blades
 16488 | Lair:4   | Found a staircase to the Slime Pits.
 16695 | Lair:5   | Entered Level 5 of the Lair of Beasts
 17019 | Lair:5   | Reached ****** piety under Hepliaklqana
 17093 | Lair:5   | Identified a scroll of acquirement
 17122 | Lair:5   | Acquired 806 gold pieces
 17308 | Lair:5   | Reached skill level 1 in Dodging
 17876 | Lair:4   | Reached skill level 5 in Long Blades
 18529 | Lair:5   | Noticed a dire elephant
 18548 | Lair:5   | Killed a dire elephant
 18611 | Lair:5   | Identified the +2 scimitar of the Muttering Gods {speed,
                  | *Rage *Corrode Fly MP+9}
 19046 | D:12     | Reached XP level 15. HP: 78/78 MP: 16/16
 19063 | D:12     | Gained mutation: You are agile. (Dex +4, Str/Int -1)
                  | [potion of mutation]
 19402 | D:12     | Got the Grimoire of the Volcano and Ensorcelling
 19550 | D:12     | Paralysed by a floating eye for 3 turns
 20068 | D:12     | Identified the +6 long sword of Tenacity {holy, rCorr
                  | Int+5}
 20105 | D:12     | Reached skill level 5 in Dodging
 20682 | D:13     | Found a shimmering blue altar of Sif Muna.
 20790 | D:13     | You fall into a shaft and drop 1 floor!
 21683 | D:14     | Reached skill level 14 in Fighting
 21757 | D:14     | Reached XP level 16. HP: 78/83 MP: 17/17
 21774 | D:14     | Found a blossoming altar of Fedhas.
 21962 | D:14     | Found a gate to the Vaults.
 22022 | D:15     | Entered Level 15 of the Dungeon
 22430 | D:15     | Found Meduf's Armour Boutique.
 22745 | D:15     | Found a staircase to the Depths.
 23248 | Orc:1    | Entered Level 1 of the Orcish Mines
 23419 | Orc:1    | Noticed Snorg
 23428 | Orc:1    | Killed Snorg
 23640 | Orc:2    | Entered Level 2 of the Orcish Mines
 23856 | Orc:2    | Found a staircase to the Elven Halls.
 24419 | Orc:2    | Found Ossyes's General Store.
 24421 | Orc:2    | Found Araveseg's Magic Scroll Shoppe.
 24538 | Orc:2    | Found Gyoghy's Antique Armour Boutique.
 24538 | Orc:2    | Found Meityass's Jewellery Shop.
 24538 | Orc:2    | Found a one-way gate leading to the halls of Pandemonium.
 24608 | Orc:2    | Reached skill level 10 in Armour
 25078 | Elf:1    | Entered Level 1 of the Elven Halls
 25489 | Elf:1    | Got the Codex of Iniquitous Arts
 25547 | Elf:1    | Reached XP level 17. HP: 24/88 MP: 15/18
 25904 | Elf:2    | Paralysed by an air elemental for 1 turns
 25980 | Elf:2    | Reached skill level 15 in Fighting
 26059 | Elf:2    | Found a runed translucent gate.
 26060 | Elf:2    | Found a runed translucent gate.
 26060 | Elf:2    | Found a runed translucent gate.
 26202 | Elf:2    | Got the Folio of Frosty Mortification
 26247 | Elf:2    | Paralysed by an air elemental for 1 turns
 26271 | Elf:2    | Reached skill level 10 in Long Blades
 26424 | Elf:3    | Entered Level 3 of the Elven Halls
 26424 | Elf:3    | Noticed Louise
 26424 | Elf:3    | Noticed Bai Suzhen
 26438 | Elf:2    | Killed Louise
 26442 | Elf:2    | Reached skill level 1 in Invocations
 26513 | Elf:2    | Killed Bai Suzhen
 26514 | Elf:2    | Reached skill level 1 in Spellcasting
 26836 | Elf:3    | Paralysed by an air elemental for 1 turns
 26838 | Elf:3    | Paralysed by an air elemental for 1 turns
 26843 | Elf:3    | Paralysed by an air elemental for 1 turns
 26963 | Elf:3    | Lost mutation: You are agile. (Dex +4, Str/Int -1) [potion
                  | of mutation]
 26963 | Elf:3    | Gained mutation: You are strong-willed. (Will+) [potion of
                  | mutation]
 26963 | Elf:3    | Gained mutation: You are frail. (-10% HP) [potion of
                  | mutation]
 26964 | Elf:3    | Lost mutation: You are frail. (-10% HP) [potion of
                  | mutation]
 26964 | Elf:3    | Lost mutation: You are strong-willed. (Will+) [potion of
                  | mutation]
 26964 | Elf:3    | Gained mutation: A frigid envelope surrounds you and
                  | freezes all who hurt you. [potion of mutation]
 26964 | Elf:3    | Gained mutation: You are frail. (-10% HP) [potion of
                  | mutation]
 26964 | Elf:3    | Gained mutation: Your spells are a little harder to cast,
                  | but a little more powerful. [potion of mutation]
 26964 | Elf:3    | Gained mutation: You are covered in fur. (AC +1) [potion of
                  | mutation]
 26965 | Elf:3    | Lost mutation: You are covered in fur. (AC +1) [potion of
                  | mutation]
 26965 | Elf:3    | Lost mutation: You are frail. (-10% HP) [potion of
                  | mutation]
 26965 | Elf:3    | Gained mutation: You occasionally lose the ability to read
                  | scrolls when taking damage. [potion of mutation]
 27720 | Elf:3    | Noticed a deep elf blademaster
 27732 | Elf:3    | Killed a deep elf blademaster
 27744 | Elf:3    | Noticed a deep elf master archer
 27759 | Elf:3    | Noticed a deep elf blademaster
 27801 | Elf:3    | Killed a deep elf master archer
 28023 | Elf:3    | HP: 2/89 [deep elf annihilator/iron shot (16)]
 28028 | Elf:3    | HP: 4/89 [deep elf blademaster/+0 rapier (4)]
 28029 | Elf:3    | Killed from afar by a deep elf death mage

Illustrated notes

Levels and vault maps discovered:
D:1:      saegor_arrival_miasma, layout_basic
D:2:      layout_basic, hellmonk_ecumenical_altar_watching_god,
          bh_walls_and_bars, uniq_sigmund
D:3:      layout_loops_ring, lemuel_coloured_pillars_altar,
          kennysheep_orc_chapel, uniq_terence
D:4:      layout_basic, hangedman_decor_riveting, supply_closet_lemuel
D:5:      layout_loops_ring, nicolae_tso_swordbearing_angel,
          nicolae_elyvilon_peaceful_grove, serial_shops,
          nicolae_take_the_stairs, minmay_misc_feat_ornament
D:6:      layout_basic, overflow_temple_1_default,
          nicolae_overflow_hidden_temple, serial_shops, shop, nicolae_shop_stone
D:7:      layout_loops_cross, nicolae_ru_sacrificial_ziggurat,
          mainiacjoe_overflow_small_starburst, minmay_temple_entry_overgrown,
          minivault_22
D:8:      layout_loops_ring, grunt_qazlal_sundering
D:9:      layout_loops_ring, nicolae_ashenzari_skybound, serial_shops, shop,
          minivault_24
D:10:     layout_layer_cave, mainiacjoe_overflow_tiny_flanked, orc_david_3,
          serial_shops, shop_fountains, ebering_ghost_disaster_area,
          nicolae_trove_entry_isolated, minivault_12
D:11:     lemuel_insect_pit, layout_basic, dpeg_lair_monsters,
          okawaru_gym_becter
D:12:     cheibrodos_hippocracy, layout_rooms, serial_ice, serial_ice_j,
          serial_ice_a, serial_ice_m, serial_ice_e, serial_ice_n, serial_ice_g,
          portal_ice_cave_entry_pillars_1, minmay_the_grid_square_5x5_3x3_mashed
          [minmay_the_grid_square_5x5_two_small,
          minmay_the_grid_square_5x5_trominoes,
          minmay_the_grid_square_5x5_inset, minmay_the_grid_square_5x5_comb,
          minmay_the_grid_square_5x5_megaprize_checkered,
          minmay_the_grid_square_5x5_shrine1,
          minmay_the_grid_square_5x5_broken_cross,
          minmay_the_grid_square_5x5_intrusive_squares,
          minmay_the_grid_square_5x5_moneybag]
D:13:     layout_gridville, led_sif_pool
D:14:     kennysheep_blocky_room, layout_basic, david_vaults_5, fedhas_altar_2
D:15:     hangedman_depths_entry_try_elsewhere_first, layout_loops_ring,
          serial_shops, nicolae_shop_stone, chequers_serial_rivers_room_a,
          chequers_big_river
Lair:1:   layout_loops_ring, pdpol_lair_cavern_descent, grunt_megastairs_1,
          uniq_maggie
Lair:2:   layout_loops_ring, minmay_swamp_entry_worms,
          nicolae_spider_entry_lesser_pyramids
Lair:3:   minmay_lair_oklob_tunnel, layout_cave_pods,
          kennysheep_basilisk_garden, lemuel_fruit_tree
Lair:4:   layout_gridlike, slime_entry_1, enter_volcano_4
Lair:5:   grunt_lair_end_beastmaster, layout_regular_city, serial_rivers,
          chequers_serial_rivers_small_a, chequers_serial_rivers_small_3,
          chequers_serial_rivers_room_b, chequers_serial_rivers_micro_a,
          chequers_serial_rivers_large_a, grunt_forest_stairs_basic,
          lemuel_fruit_fields
Orc:1:    layout_caves, uniq_snorg
Orc:2:    pf_orc_diabolical, layout_caves
Elf:1:    nicolae_elf_arrival_no_cutting_in_line, layout_geoelf_octagon,
          minmay_elf_necromancy, amcnicky_mini_pool_small
Elf:2:    nicolae_elf_blades_crystal_corner, layout_rooms, minivault_19
Elf:3:    minmay_elf_hall_four_x, layout_geoelf_diagonals, grunt_ministairs_10,
          glass_columns_a, grunt_megastairs_2, uniq_louise, uniq_bai_suzhen

Skill      XL: |  1  2  3  4  5  6  7  8  9 10 11 12 13 14 15 16 17 |
---------------+----------------------------------------------------+-----
Short Blades   | 2 3 4 6 7 8 10 11 12 | 12.9
Fighting       | 3 4 5 6 8 9 10 11 13 14 15 | 15.3
Shields        | 3 4 5 6 8 9 10 11 12 | 12.2
Armour         | 5 7 9 10 | 10.6
Long Blades    | 5 8 9 10 | 10.4
Dodging        | 3 6 8 |  8.3
Invocations    | 3 |  3.0
Spellcasting   | 3 |  3.0

Action                     |  1- 3 |  4- 6 |  7- 9 | 10-12 | 13-15 | 16-18 || total
---------------------------+-------+-------+-------+-------+-------+-------++-------
  Melee: Rapier            |   109 |   174 |   269 |   718 |   329 |       ||  1599
         Bite              |    27 |    40 |    85 |   283 |   540 |   332 ||  1307
         Scimitar          |       |       |       |       |   510 |       ||   510
         Long sword        |       |       |       |       |   258 |   769 ||  1027
 Invoke: Ancestor Life: He |       |       |     1 |       |       |       ||     1
    Use: Scroll            |     1 |     1 |    19 |     8 |     8 |     5 ||    42
         Potion            |       |       |       |       |     1 |     4 ||     5
   Stab: Confused          |       |       |     3 |    10 |    27 |    13 ||    53
         Distracted        |       |       |     1 |     3 |    10 |    10 ||    24
         Paralysed         |       |       |       |       |    43 |    44 ||    87
 Armour: Scale mail        |    51 |       |       |       |       |       ||    51
         Chain mail        |       |   100 |     3 |       |       |       ||   103
         Plate armour      |       |       |   108 |    73 |       |       ||   181
         Ring mail         |       |       |       |   122 |       |       ||   122
         Gold dragon scale |       |       |       |   136 |   766 |   283 ||  1185
  Dodge: Dodged            |    57 |    92 |    89 |   185 |   314 |   366 ||  1103
  Block: Buckler           |    20 |    54 |    45 |       |       |       ||   119
         Kite shield       |       |       |    52 |   318 |   688 |   389 ||  1447
         Tower shield      |       |       |       |       |       |   117 ||   117

Table legend: (Time is in decaauts)
 A = Elapsed time spent in this place.
 B = Non-inter-level travel time spent in this place.
 C = Inter-level travel time spent in this place.
 D = Time resting spent in this place.
 E = Time spent auto-exploring this place.
 F = Levels seen in this place.
 G = Mean time per level.
                   A        B        C        D        E       F      G
               +--------+--------+--------+--------+--------+-----+--------+
         Total |  27911 |  26947 |    964 |   5769 |  12471 |  27 | 1033.7 |
       Dungeon |  14480 |  13939 |    541 |   2256 |   7905 |  15 |  965.3 |
          Lair |   6635 |   6381 |    254 |   1344 |   3127 |   5 | 1327.0 |
  Orcish Mines |   1809 |   1689 |    120 |    301 |    486 |   2 |  904.5 |
   Elven Halls |   2950 |   2902 |     48 |    873 |    656 |   3 |  983.3 |
      Ice Cave |   1629 |   1629 |      0 |    936 |    251 |   1 | 1629.0 |
       Volcano |    406 |    406 |      0 |     58 |     45 |   1 |  406.0 |
               +--------+--------+--------+--------+--------+-----+--------+

Top non-repeatable levels by time:
  Lair:5: 2093 daAuts
   IceCv: 1629 daAuts
    D:12: 1579 daAuts
  Lair:3: 1460 daAuts
    D:11: 1345 daAuts
   Elf:3: 1265 daAuts
  Lair:1: 1261 daAuts
   Orc:2: 1197 daAuts
    D:10: 1176 daAuts
    D:15: 1169 daAuts
    D:14: 1154 daAuts
     D:9: 1102 daAuts
     D:5: 926 daAuts
     D:6: 918 daAuts
  Lair:2: 917 daAuts
